 Dungeon Crawl Stone Soup version 0.28.0 (webtiles) character file.

Game seed: 13324051877767891589

324 GrayStillPlays the Shield-Bearer (level 6, -1/33 HPs)
             Began as a Vine Stalker Fighter on Feb 8, 2022.
             Succumbed to a kobold's poison
             ... in a sewer.
             The game lasted 00:07:40 (3383 turns).

GrayStillPlays the Shield-Bearer (VSFi)             Turns: 3383, Time: 00:07:41

Health: -1/33      AC: 10    Str: 18    XL:     6   Next: 48%
Magic:  7/10       EV:  9    Int: 10    God:
Gold:   92         SH:  5    Dex: 14    Spells: 9/9 levels left

rFire   . . .      SeeInvis .   v - +1 spear (vamp) {polearm}
rCold   . . .      Faith    .   c - +0 buckler
rNeg    . . .      Spirit   +   b - +0 scale mail
rPois   .          Reflect  .   j - +1 helmet
rElec   .          Harm     .   (no cloak)
rCorr   .          Rampage  .   k - +0 pair of gloves
Will    .....                   (no boots)
Stlth   +.........              (no amulet)
HPRegen 0.91/turn               (no ring)
MPRegen 0.12/turn               (no ring)

@: lethally poisoned (-1 -> -27)
A: fangs 2, regeneration 1, magic shield, antimagic bite, no potion heal 2
a: no special abilities


You were in a sewer.
You visited 1 branch of the dungeon, and saw 3 of its levels.
You also visited: Sewer.

You collected 92 gold pieces.


Innate Abilities, Weirdness & Mutations

You have extremely sharp teeth.
Your natural rate of healing is unusually fast.
When hurt, damage is shared between your health and your magic reserves.
Your bite disrupts and absorbs the magic of your enemies.
Potions cannot restore your health.


   Skills:
 + Level 3.8 Fighting
 - Level 1.8 Short Blades
 + Level 3.3 Armour
 - Level 3.3 Stealth
 + Level 3.8 Shields
 + Level 2.1 Spellcasting


You had 9 spell levels left.
You didn't know any spells.
Your spell library contained the following spells:

 Spells                   Type           Power      Damage    Failure   Level
 Animate Skeleton         Necr           2%         N/A       77%         1
 Apportation              Tloc           2%         N/A       77%         1
 Summon Small Mammal      Summ           4%         N/A       77%         1

Inventory:

Hand Weapons
 a - a +0 rapier {short}
 l - a +0 vampiric spear {polearm}
   (You found it on level 2 of the Dungeon)
 p - a +1 dagger of venom {short}
   (You took it off a goblin on level 2 of the Dungeon)
 v - a +1 vampiric spear (weapon) {polearm}
   (You took it off a gnoll on level 3 of the Dungeon)
Missiles
 f - 118 stones (quivered) {throwing}
 g - 19 arrows
 h - 8 poisoned darts {throwing}
 q - 60 bolts
 t - 6 boomerangs {throwing}
Armour
 b - a +0 scale mail (worn)
 c - a +0 buckler (worn)
 j - a +1 helmet (worn)
   (You took it off Robin on level 2 of the Dungeon)
 k - a +0 pair of gloves (worn)
   (You found it on level 2 of the Dungeon)
Scrolls
 i - a scroll of fog {unknown}
 m - a scroll of identify {unknown}
 n - a scroll of amnesia {unknown}
 s - a scroll of blinking {unknown}
 u - a scroll of brand weapon {unknown}
Potions
 e - a potion of mutation {unknown}
 o - a potion of attraction {unknown}
 r - 2 potions of heal wounds {unknown}

Dungeon Overview and Level Annotations

Branches:
Dungeon (3/15)              Sewer (1/1)

Altars:
Nemelex Xobeh

Shops:
D:2

!
##.....≈≈≈≈≈≈≈...###
##....#≈≈≈≈≈.÷÷.##
#...##≈≈≈≈≈≈....#
#..##≈≈≈≈≈≈.....##
##..##≈≈≈≈≈≈.≈....#
#....#≈≈≈≈≈≈≈.....#
##....≈≈≈≈≈≈≈≈.....#
#.....≈≈≈≈≈≈≈≈≈...##
#..@.≈≈≈≈≈≈≈≈≈....#
#.K..≈≈≈≈≈≈≈≈≈....#
#...≈≈≈≈≈≈≈≈≈≈≈..##
##)###≈≈≈≈≈≈###)###
#..K..#≈≈≈≈≈≈#.....#
#.....#≈≈≈≈≈ #.....#
##...## ≈≈≈ ##...##
!.... ≈≈≈ #.....#
#!.#.!# #..#..#


You could see 2 kobolds.


Message History

You miss the adder. The adder bites you but does no damage.
The ball python barely misses you. The ball python constricts you.
The adder bites you but does no damage. 😕 HP[+1]
You barely miss the adder. Your bite misses the adder.
You block the ball python's attack. The ball python constricts you.
The adder barely misses you.
The ball python bites you but does no damage.
The ball python constricts you. 😕 HP[+1]
You hit the adder.
You kill the adder!
The ball python bites you but does no damage.
The ball python constricts you. 😎 HP[+1]
Your hp is fully restored (33).
You hit the rat.
You kill the rat!
The ball python bites you. The ball python constricts you.
The ball python barely misses you.
The ball python constricts you. 😕 HP[-2]
You take 2 damage, and now have 31/33 hp.
You closely miss the ball python. Your bite misses the ball python.
You block the ball python's attack.
The ball python constricts you. 😕 HP[+1]
You puncture the ball python!
You kill the ball python! 😎 HP[+1] MP[+1]
Your hp is fully restored (33).
Your mp is fully restored (10).
A rat comes into view.
You see here a ball python corpse.
A rat is nearby!
A rat comes into view.
A rat comes into view.
You block the rat's attack.
You hit the rat.
You kill the rat!
The rat barely misses you.
You puncture the rat!
You kill the rat!
You closely miss the rat. Your bite misses the rat. The rat closely misses you.
The rat barely misses you.
You puncture the rat!
You kill the rat!
You open the door. 3 kobolds come into view.
A kobold is wielding a +3 whip of venom.
A kobold is wielding a +0 club and quivering poisoned darts.
The kobold shouts! x3
The kobold hits you but does no damage. x2
You are poisoned.
There is an open door here.
You feel sick.
The kobold throws a poisoned dart.
The poisoned dart barely misses you. 😕 HP[-2]
You take 2 damage, and now have 31/33 hp.
You barely miss the kobold.
You feel sick.
You feel sick. The kobold barely misses you. You block the kobold's attack.
The kobold hits you with a +0 club.
There is an open door here. 😕 HP[-1]
You take 1 damage, and now have 30/33 hp.
You barely miss the kobold.
You feel sick. You block the kobold's attack.
The kobold hits you with a +3 whip of venom.
You are more poisoned.
The kobold hits you with a +0 club. 😕 HP[-4] MP[-1]
You take 4 damage, and now have 26/33 hp.
You lost 1 mp, and now have 9/10 mp.
You feel very sick.
The kobold hits you with a +3 whip of venom.
You are more poisoned. 😮 HP[-5]
You take 5 damage, and now have 21/33 hp.
You hit the kobold. You bite the kobold.
You kill the kobold!
You feel very sick.
The kobold hits you with a +3 whip of venom.
* * * LOW HITPOINT WARNING * * *
You are lethally poisoned!
The kobold throws a poisoned dart.
The poisoned dart barely misses you. 😨 HP[-7] MP[-2]
You take 7 damage, and now have 14/33 hp.
MASSIVE DAMAGE!! (PAUSE)
You lost 2 mp, and now have 7/10 mp.
* * * LOW HITPOINT WARNING * * *
You feel very sick.
The kobold throws a poisoned dart.
The poisoned dart hits you.
You are more poisoned. 😨 HP[-5]
You take 5 damage, and now have 9/33 hp.
* * * LOW HITPOINT WARNING * * *
You feel extremely sick. The kobold hits you but does no damage.
You are more poisoned.
The kobold throws a poisoned dart.
The poisoned dart closely misses you. 😱 HP[-6]
You take 6 damage, and now have 3/33 hp.
You feel a sense of dread.
v - a +1 vampiric spear (weapon)
{polearm} You die...

Skill      XL: |  1  2  3  4  5  6 |
---------------+-------------------+-----
Stealth        | 1 2 3 |  3.3
Shields        | 3 |  3.8
Fighting       | 3 |  3.8
Armour         | 3 |  3.3
Spellcasting   | 1 2 |  2.1
Short Blades   | |  1.8

Action                   |  1- 3 |  4- 6 || total
-------------------------+-------+-------++-------
Melee: Rapier            |   103 |   164 ||   267
       Bite              |    26 |    29 ||    55
  Use: Potion            |       |     1 ||     1
Armor: Scale mail        |    66 |    81 ||   147
Dodge: Dodged            |    58 |    86 ||   144
Block: Buckler           |    13 |    42 ||    55

Levels and vault maps discovered:
D:1:      sevenhm_arrival_forest_fort_large_4, layout_basic,
          basic_ecumenical_altar
D:2:      layout_loops_corners, serial_shops, shop, basic_altar,
          nicolae_elevator_lobby_plus, uniq_robin
D:3:      layout_basic, gup_sewer_entry_spiral, uniq_sigmund
Sewer:    sewer_minmay_treatment

Notes
Turn   | Place    | Note
-------+----------+-------------------------------------------
     0 | D:1      | GrayStillPlays the Vine Stalker Fighter began the quest for
                  | the Orb.
     0 | D:1      | Reached XP level 1. HP: 11/11 MP: 2/2
     0 | D:1      | magus.rc [v1.9.6]
   250 | D:1      | Reached XP level 2. HP: 12/16 MP: 1/3
   466 | D:1      | Found a faded altar of an unknown god.
   603 | D:1      | HP: 3/16 [frozen (3)]
   605 | D:1      | Reached skill level 1 in Stealth
   982 | D:1      | Reached skill level 3 in Shields
  1017 | D:1      | Reached skill level 3 in Fighting
  1464 | D:2      | Noticed Robin
  1474 | D:1      | Reached XP level 3. HP: 18/20 MP: 2/4
  1709 | D:2      | Killed Robin
  1888 | D:2      | You pick up a book of Cantrips and begin reading...
  1888 | D:2      | You add the spells Animate Skeleton, Summon Small Mammal
                  | and Apportation to your library.
  1922 | D:2      | Found Aluriywk's Distillery.
  2034 | D:2      | Reached skill level 2 in Stealth
  2034 | D:2      | Gained mutation: Your natural rate of healing is unusually
                  | fast. [Vine Stalker growth]
  2034 | D:2      | Reached XP level 4. HP: 24/24 MP: 5/5
  2164 | D:2      | Found a sparkling altar of Nemelex Xobeh.
  2786 | D:3      | Reached skill level 3 in Armour
  2786 | D:3      | Reached skill level 1 in Spellcasting
  2891 | D:3      | Reached XP level 5. HP: 28/28 MP: 5/7
  3035 | D:3      | Found a glowing drain.
  3039 | Sewer    | Entered a sewer
  3067 | Sewer    | Noticed a kobold brigand
  3105 | Sewer    | Killed a kobold brigand
  3106 | Sewer    | Reached skill level 3 in Stealth
  3106 | Sewer    | Reached XP level 6. HP: 17/33 MP: 9/9
  3198 | Sewer    | Reached skill level 2 in Spellcasting
  3382 | Sewer    | HP: 3/33 [poisoned by a kobold]
  3383 | Sewer    | Succumbed to a kobold's poison

Vanquished Creatures
  A kobold brigand (Sewer)
  A jelly (D:3)
  Robin (D:2)
  3 gnolls (D:3)
  5 adders
  5 river rats
  An orc (D:3)
  7 bats
  7 endoplasms
  14 goblins
  5 hobgoblins
  2 jackals (D:1)
  4 quokkas
  6 ball pythons
  2 frilled lizards
  12 kobolds
  29 rats
105 creatures vanquished.

Table legend:
 A = Non-vault XP
 B = Vault XP
 C = Vault XP percentage of total XP
 D = Non-vault monster count
 E = Vault monster count
 F = Vault count percentage of total count
                 A         B        C        D         E       F
            +---------+---------+-------+---------+---------+-------
      Total |     175 |     289 |  62.3 |      43 |      62 |  59.0
            +---------+---------+-------+---------+---------+-------
        D:1 |      34 |      19 |  35.8 |      21 |      12 |  36.4
        D:2 |      45 |      16 |  26.2 |      13 |       1 |   7.1
        D:3 |      96 |      34 |  26.2 |       9 |       7 |  43.8
      Sewer |       0 |     220 | 100.0 |       0 |      42 | 100.0
            +---------+---------+-------+---------+---------+-------

Illustrated notes

Table legend:
 A = Kills in this place as a percentage of kills in entire the game.
 B = Kills by you in this place as a percentage of kills by you in the entire game.
 C = Kills by friends in this place as a percentage of kills by friends in the entire game.
 D = Other kills in this place as a percentage of other kills in the entire game.
 E = Experience gained in this place as a percentage of experience gained in the entire game.
 F = Experience gained in this place divided by the number of levels of this place that you have seen.
                   A       B       C       D       E      F
               +-------+-------+-------+-------+-------+----------------------
         Total | 100.0 | 100.0 |   N/A |   N/A | 100.0 | 116.0
       Dungeon |  60.0 |  60.0 |   N/A |   N/A |  52.6 |  81.3
         Sewer |  40.0 |  40.0 |   N/A |   N/A |  47.4 | 220.0
               +-------+-------+-------+-------+-------+----------------------

Table legend: (Time is in decaauts)
 A = Elapsed time spent in this place.
 B = Non-inter-level travel time spent in this place.
 C = Inter-level travel time spent in this place.
 D = Time resting spent in this place.
 E = Time spent auto-exploring this place.
 F = Levels seen in this place.
 G = Mean time per level.
                   A        B        C        D        E       F      G
               +--------+--------+--------+--------+--------+-----+--------+
         Total |   3458 |   3238 |    220 |    153 |   2172 |   4 |  864.5 |
       Dungeon |   3089 |   2869 |    220 |    153 |   2114 |   3 | 1029.7 |
         Sewer |    368 |    368 |      0 |      0 |     58 |   1 |  368.0 |
               +--------+--------+--------+--------+--------+-----+--------+

Top non-repeatable levels by time:
     D:1: 1698 daAuts
     D:2: 1097 daAuts
   Sewer: 368 daAuts
     D:3: 293 daAuts
